 Dungeon Crawl Stone Soup version 0.23-a0-650-ga4d50d4 (webtiles) character file.

13220 zishaf the Thaumaturge (level 12, -19/89 HPs)
             Began as a Gnoll Wizard on Jan 7, 2019.
             Was a Believer of Ashenzari.
             Demolished by an alligator simulacrum (29 damage)
             ... in an ice cave.
             The game lasted 00:47:33 (17247 turns).

zishaf the Thaumaturge (Gnoll Wizard)              Turns: 17247, Time: 00:47:33

Health: -19/89     AC: 11    Str:  5    XL:     12   Next: 3%
Magic:  25/25      EV: 12    Int: 29    God:    Ashenzari [**....]
Gold:   342        SH:  0    Dex: 14    Spells: 16/30 levels left

rFire    + . .     SeeInvis +   w - +0 short sword "Kimas" {pierce, rPois rF+ Str-5 Int+4} (curse)
rCold    . . .     Gourm    .   r - +1 buckler (curse)
rNeg     . . .     Faith    .   p - +0 ring mail (curse)
rPois    +         Spirit   .   x - +2 helmet (curse)
rElec    .         Reflect  .   l - +0 cloak
rCorr    +         Harm     .   (no gloves)
MR       .....                  (no boots)
Stlth    +.........             (no amulet)
HPRegen  0.24/turn              j - ring of resist corrosion
MPRegen  0.19/turn              D - ring of see invisible

@: confused, studying Maces & Flails
A: distributed training, fangs 1, strong nose
a: Curse Item, Scrying, Renounce Religion


You were in an ice cave.
You worshipped Ashenzari.
Ashenzari was pleased with you.
You were not hungry.

You visited 2 branches of the dungeon, and saw 11 of its levels.
You also visited: Ossuary and Ice Cave.

You collected 454 gold pieces.
You spent 112 gold pieces at shops.

Inventory:

Hand Weapons
 w - the cursed +0 short sword "Kimas" (weapon) {pierce, rPois rF+ Str-5 Int+4}
   (You found it on level 7 of the Dungeon)

   It inflicts extra damage upon your enemies.
   It affects your strength (-5).
   It affects your intelligence (+4).
   It protects you from fire.
   It protects you from poison.
   It has a curse placed upon it.
Missiles
 n - 311 stones (quivered)
Armour
 l - a +0 cloak (worn)
 p - a cursed +0 ring mail (worn)
 r - a cursed +1 buckler (worn)
 x - a cursed +2 helmet (worn)
 K - a +1 robe of magic resistance
Jewellery
 i - an uncursed ring of poison resistance
 j - a ring of resist corrosion (left hand)
 D - a ring of see invisible (right hand)
 E - an uncursed ring of fire
Wands
 c - a wand of clouds (4)
 s - a wand of acid (13)
 t - a wand of digging (4)
 N - a wand of flame (15)
Scrolls
 b - 2 scrolls of enchant weapon
 e - 5 scrolls of amnesia
 k - a scroll of immolation {unknown}
 m - 2 scrolls of blinking
 y - 3 scrolls of remove curse
 B - a scroll of fear
 F - a scroll of silence {unknown}
 H - a scroll of enchant armour
 I - a scroll of holy word {unknown}
 M - a scroll of torment {unknown}
Potions
 a - 3 potions of flight
 f - 9 potions of curing
 g - 2 potions of agility
 h - 5 potions of haste
 o - 3 potions of brilliance
 q - 4 potions of resistance
 u - 4 potions of lignification
 v - a potion of heal wounds {unknown}
 z - 2 potions of cancellation
 C - a potion of invisibility {unknown}
 J - 2 potions of might
Books
 G - a manual of Maces & Flails
Comestibles
 d - 16 rations


   Skills:
 + Level 6.7 Fighting
 + Level 6.7(9.1) Short Blades
 + Level 6.7 Long Blades
 + Level 6.7 Axes
 + Level 8.3 Maces & Flails
 + Level 6.7 Polearms
 + Level 6.7 Staves
 + Level 6.7 Slings
 + Level 6.7 Bows
 + Level 6.7 Crossbows
 + Level 6.7 Throwing
 + Level 6.7 Armour
 + Level 8.2 Dodging
 + Level 8.0 Stealth
 + Level 6.7(8.2) Shields
 + Level 6.7 Unarmed Combat
 + Level 9.9 Spellcasting
 + Level 6.0 Conjurations
 + Level 5.6 Hexes
 + Level 5.6 Charms
 + Level 6.0 Summonings
 + Level 5.6 Necromancy
 + Level 6.0 Translocations
 + Level 5.6 Transmutations
 + Level 5.6 Fire Magic
 + Level 5.6 Ice Magic
 + Level 5.6 Air Magic
 + Level 5.6 Earth Magic
 + Level 5.6 Poison Magic
 + Level 7.4 Invocations
 + Level 6.7 Evocations


You had 16 spell levels left.
You knew the following spells:

 Your Spells              Type           Power        Failure   Level  Hunger
a - Magic Dart            Conj           ####         1%          1    None
b - Call Imp              Summ           #####...     1%          2    None
c - Conjure Flame         Conj/Fire      #####...     4%          3    None
d - Blink                 Tloc           N/A          1%          2    None
e - Confuse               Hex            #####...     4%          3    None
z - Mephitic Cloud        Conj/Pois/Air  #####...     4%          3    None

Your spell library contained the following spells:

 Spells                   Type           Power        Failure   Level  Hunger
 Confusing Touch          Hex            #####.       1%          1    None
 Slow                     Hex            #####...     2%          2    None
 Gell's Gravitas          Tloc           #####.....   3%          3    None
 Petrify                  Tmut/Erth      #####...     14%         4    None
 Metabolic Englaciation   Hex/Ice        #####.....   36%         5    ###....
 Yara's Violent Unravell  Hex/Tmut       #####.....   36%         5    ###....


Dungeon Overview and Level Annotations

Branches:
Dungeon (10/15)            Temple (0/1) D:5            Lair (1/6) D:8
    Orc (0/2) D:10

Altars:
Ashenzari
Cheibriados
Fedhas
Nemelex Xobeh
Ru
Sif Muna
Trog
Uskayaw
Zin

Shops:
D:9 (   D:10 ?


Innate Abilities, Weirdness & Mutations

Your experience applies equally to all skills.
You have very sharp teeth.
Your uncanny sense of smell can sniff out nearby items.


Message History

Are you sure you want to stumble around while confused and next to your white [Y]es or [N]o only, please.
Are you sure you want to stumble around while confused and next to your white
Okay, then.
The wolf simulacrum barely misses you.
Your crimson imp hits the wolf simulacrum.
Your white imp barely misses the wolf simulacrum.
The wolf simulacrum bites you!
* * * LOW HITPOINT WARNING * * *
The wolf simulacrum freezes you!
* * * LOW HITPOINT WARNING * * *
The wolf simulacrum barely misses you.
Your crimson imp barely misses the wolf simulacrum.
Your white imp misses the wolf simulacrum.
The wolf simulacrum misses you.
The alligator simulacrum completely misses you.
The alligator simulacrum tail-slaps you!
* * * LOW HITPOINT WARNING * * *
The alligator simulacrum freezes you!!
You die...

* * * ≈ ≈ ,*
* ≈ * ≈ * *
*≈≈≈ ≈ *
*####*≈ ,
##..## **
##....###* ,
,
#.55....##..
, ,,
#.@Z∩.Z.....
,
#..Z..Z....#
*, ,
##....##..##
##..##* ## *
#### ,,


You could see a wolf simulacrum, an alligator simulacrum, an elephant
simulacrum, a polar bear simulacrum, a friendly crimson imp and a friendly white
imp.

Vanquished Creatures
  A hydra (D:7)
  Erica (D:8)
  A two-headed ogre (D:8)
  3 unseen horrors
  A rime drake (Lair:1)
  A polar bear (D:8)
  2 hippogriffs
  2 wraiths
  11 yaks
  2 wyverns (D:10)
  Grum (D:8)
  Duvessa (D:5)
  4 orc warriors
  A necrophage (D:7)
  A sky beast (D:5)
  7 ice beasts
  A black bear (D:8)
  3 ogres
  7 centaurs
  5 wolves
  2 crocodiles
  A big kobold (D:7)
  An elf zombie (D:7)
  3 bullfrogs
  A wyvern zombie (D:8)
  3 elf skeletons (D:7)
  5 scorpions
  Dowan (D:5)
  15 killer bees
  A vampire bat (D:10)
  12 wights
  2 electric eels (D:9)
  2 howler monkeys
  4 crimson imps
  A bullfrog zombie (D:10)
  A jelly (D:8)
  A quasit (D:5)
  An orc priest (D:7)
  3 orc wizards
  2 human zombies (Ossuary)
  5 hounds
  A water moccasin simulacrum (D:9)
  A human skeleton (D:7)
  5 iguanas
  12 worker ants
  3 big kobold zombies (Ossuary)
  A hound skeleton (D:9)
  3 mummies (Ossuary)
  A killer bee simulacrum (D:9)
  Robin (D:3)
  2 howler monkey skeletons
  10 adders
  10 gnolls
  2 shadow imps
  A howler monkey simulacrum (D:9)
  3 white imps (D:9)
  A worker ant simulacrum (D:9)
  An ufetubus (D:8)
  2 oozes
  An adder zombie (D:7)
  4 adder skeletons
  2 worms (D:2)
  5 dart slugs
  2 leopard geckos
  14 orcs
  A ball python (D:3)
  16 bats
  4 giant cockroaches
  15 goblins
  6 hobgoblins
  4 jackals (D:8)
  2 quokkas
  4 frilled lizards
  A gnoll zombie (Ossuary)
  9 kobolds
  2 kobold zombies (Ossuary)
  An orc skeleton (D:7)
  8 rats
284 creatures vanquished.

Vanquished Creatures (collateral kills)
  A spiny frog (Lair:1)
  2 wolves
  3 ogres
  A black bear (D:8)
  3 killer bees
  A howler monkey (D:9)
  An orc priest (D:7)
  A hound zombie (D:8)
  A worker ant zombie (D:9)
  An orc (D:8)
15 creatures vanquished.

Vanquished Creatures (others)
  4 fungi (D:8)
  A plant (D:8)
5 creatures vanquished.

Grand Total: 304 creatures vanquished

Notes
Turn   | Place    | Note
-------+----------+-------------------------------------------
     0 | D:1      | zishaf the Gnoll Wizard began the quest for the Orb.
     0 | D:1      | Reached XP level 1. HP: 13/13 MP: 8/8
   236 | D:1      | Reached XP level 2. HP: 19/19 MP: 6/10
   247 | D:1      | Found a hide-covered altar of Uskayaw.
  1064 | D:2      | Reached XP level 3. HP: 25/25 MP: 3/11
  1080 | D:2      | Learned a level 2 spell: Call Imp
  1083 | D:2      | Learned a level 2 spell: Blink
  1087 | D:2      | Learned a level 3 spell: Conjure Flame
  1091 | D:2      | Learned a level 3 spell: Mephitic Cloud
  1286 | D:2      | Reached skill level 1 in Invocations
  1421 | D:2      | Reached skill level 1 in Fighting
  1421 | D:2      | Reached skill level 1 in Short Blades
  1421 | D:2      | Reached skill level 1 in Long Blades
  1421 | D:2      | Reached skill level 1 in Axes
  1421 | D:2      | Reached skill level 1 in Maces & Flails
  1421 | D:2      | Reached skill level 1 in Polearms
  1421 | D:2      | Reached skill level 1 in Staves
  1421 | D:2      | Reached skill level 1 in Slings
  1421 | D:2      | Reached skill level 1 in Bows
  1421 | D:2      | Reached skill level 1 in Crossbows
  1421 | D:2      | Reached skill level 1 in Throwing
  1421 | D:2      | Reached skill level 1 in Armour
  1421 | D:2      | Reached skill level 1 in Shields
  1421 | D:2      | Reached skill level 1 in Unarmed Combat
  1421 | D:2      | Reached skill level 1 in Evocations
  1421 | D:2      | Reached XP level 4. HP: 32/32 MP: 7/13
  2001 | D:2      | Reached skill level 1 in Hexes
  2001 | D:2      | Reached skill level 1 in Charms
  2001 | D:2      | Reached skill level 1 in Necromancy
  2001 | D:2      | Reached skill level 1 in Transmutations
  2001 | D:2      | Reached skill level 1 in Fire Magic
  2001 | D:2      | Reached skill level 1 in Ice Magic
  2001 | D:2      | Reached skill level 1 in Air Magic
  2001 | D:2      | Reached skill level 1 in Earth Magic
  2001 | D:2      | Reached skill level 1 in Poison Magic
  2179 | D:2      | Reached XP level 5. HP: 37/37 MP: 8/14
  2704 | D:2      | Found a shattered altar of Ashenzari.
  2712 | D:2      | Became a worshipper of Ashenzari the Shackled
  2870 | D:3      | Noticed Robin
  2896 | D:3      | Killed Robin
  3648 | D:4      | Reached XP level 6. HP: 44/44 MP: 11/16
  3940 | D:4      | Reached skill level 5 in Dodging
  3947 | D:4      | Found a deep blue altar of Sif Muna.
  4197 | D:4      | Reached XP level 7. HP: 30/50 MP: 18/18
  4802 | D:4      | Found a blossoming altar of Fedhas.
  4914 | D:5      | Entered Level 5 of the Dungeon
  5018 | D:5      | Reached skill level 5 in Stealth
  5152 | D:5      | Reached XP level 8. HP: 57/57 MP: 19/19
  5401 | D:5      | Found a sacrificial altar of Ru.
  5560 | D:5      | Reached * piety under Ashenzari
  5581 | D:5      | Noticed Dowan
  5584 | D:5      | Noticed Duvessa
  5588 | D:5      | Killed Dowan
  5596 | D:5      | Killed Duvessa
  5641 | D:5      | Found a staircase to the Ecumenical Temple.
  5835 | D:6      | Reached skill level 8 in Spellcasting
  6754 | D:6      | Reached XP level 9. HP: 60/65 MP: 19/21
  7126 | D:7      | Noticed an eight-headed hydra
  7218 | D:7      | Found a sand-covered staircase.
  7229 | Ossuary  | Entered an ossuary
  7639 | D:7      | Found a snail-covered altar of Cheibriados.
  7640 | D:7      | Found a glowing silver altar of Zin.
  7641 | D:7      | Found a bloodstained altar of Trog.
  7654 | D:7      | Got the cursed short sword "Kimas" {pierce, rPois rF+ Str-5
                  | Int+4}
  7655 | D:7      | Identified the cursed +0 short sword "Kimas" {pierce, rPois
                  | rF+ Str-5 Int+4} (You found it on level 7 of the Dungeon)
  7785 | D:7      | Killed an eight-headed hydra
  7785 | D:7      | Reached skill level 5 in Invocations
  8279 | D:7      | Reached XP level 10. HP: 64/73 MP: 17/22
  8843 | D:7      | Reached skill level 5 in Maces & Flails
  9278 | D:7      | Reached skill level 5 in Fighting
  9278 | D:7      | Reached skill level 5 in Short Blades
  9278 | D:7      | Reached skill level 5 in Long Blades
  9278 | D:7      | Reached skill level 5 in Axes
  9278 | D:7      | Reached skill level 5 in Polearms
  9278 | D:7      | Reached skill level 5 in Staves
  9278 | D:7      | Reached skill level 5 in Slings
  9278 | D:7      | Reached skill level 5 in Bows
  9278 | D:7      | Reached skill level 5 in Crossbows
  9278 | D:7      | Reached skill level 5 in Throwing
  9278 | D:7      | Reached skill level 5 in Armour
  9278 | D:7      | Reached skill level 5 in Shields
  9278 | D:7      | Reached skill level 5 in Unarmed Combat
  9278 | D:7      | Reached skill level 5 in Evocations
  9881 | D:8      | Reached skill level 9 in Spellcasting
 10032 | D:8      | Noticed a two-headed ogre
 10080 | D:8      | Killed a two-headed ogre
 10080 | D:8      | Reached skill level 5 in Conjurations
 10080 | D:8      | Reached skill level 5 in Summonings
 10080 | D:8      | Reached skill level 5 in Translocations
 10677 | D:8      | Found a staircase to the Lair.
 10867 | D:8      | Noticed Grum
 10877 | D:8      | Killed Grum
 11576 | D:8      | Noticed Erica
 11597 | D:8      | Killed Erica
 11597 | D:8      | Reached XP level 11. HP: 81/81 MP: 12/24
 11690 | D:8      | Learned a level 3 spell: Confuse
 12598 | D:9      | Noticed an unseen horror
 12614 | D:9      | Killed an unseen horror
 12614 | D:9      | Reached skill level 5 in Hexes
 12614 | D:9      | Reached skill level 5 in Charms
 12614 | D:9      | Reached skill level 5 in Necromancy
 12614 | D:9      | Reached skill level 5 in Transmutations
 12614 | D:9      | Reached skill level 5 in Fire Magic
 12614 | D:9      | Reached skill level 5 in Ice Magic
 12614 | D:9      | Reached skill level 5 in Air Magic
 12614 | D:9      | Reached skill level 5 in Earth Magic
 12614 | D:9      | Reached skill level 5 in Poison Magic
 12995 | D:9      | Noticed an unseen horror
 13002 | D:9      | Killed an unseen horror
 13565 | D:9      | HP: 3/81 [electric eel/bolt of electricity (5)]
 14466 | D:9      | Found Siseih's Antique Weapon Boutique.
 14770 | D:10     | Entered Level 10 of the Dungeon
 14838 | D:10     | Reached ** piety under Ashenzari
 15014 | D:10     | Found a staircase to the Orcish Mines.
 15443 | D:10     | Found Lam Lerchump's Magic Scroll Boutique.
 15559 | D:10     | Bought a scroll of blinking for 112 gold pieces
 15743 | D:10     | Found a sparkling altar of Nemelex Xobeh.
 15759 | D:10     | Noticed an unseen horror
 15814 | D:10     | Killed an unseen horror
 16855 | Lair:1   | Entered Level 1 of the Lair of Beasts
 16867 | Lair:1   | Reached XP level 12. HP: 89/89 MP: 12/25
 16967 | Lair:1   | HP: 3/89 [spiny frog (13)]
 17217 | Lair:1   | Found a frozen archway.
 17238 | IceCv    | Entered an ice cave
 17247 | IceCv    | Demolished by an alligator simulacrum

Vault maps used:
D:1:      dpeg_arrival_erosion, minmay_hexomino_r4
D:2:      nicolae_overflow_hidden_temple, first_ration
D:3:      uniq_robin
D:4:      lemuel_crystal_altar, fedhas_altar_fruit_tree
D:5:      old_standard_altar, minmay_temple_entry_fiery, uniq_duvessa
D:7:      grunt_temple_overflow_open, nicolae_ossuary_entry_catacombs,
          grunt_ogre_cave, dk_noncrumbling_3, minmay_manual_mess
D:8:      grunt_lair_entry_orc_guard_hut, uniq_erica, uniq_grum
D:9:      serial_shops, shop_statue, serial_ice, serial_ice_b, serial_ice_g,
          serial_ice_d, serial_ice_j, serial_ice_n, serial_ice_a, serial_ice_o,
          kb_rosetta
D:10:     orc_0_dummy, serial_shops, shop, roderic_batcave,
          minmay_misc_feat_roman, nemelex_xobeh_ov_fountains_minmay
Lair:1:   portal_ice_cave_rime, grunt_megastairs_1, lemuel_fruit_fields
Ossuary:  ossuary_crypta
IceCv:    ice_cave_small_necro

Skill      XL: |  1  2  3  4  5  6  7  8  9 10 11 |
---------------+----------------------------------+-----
Conjurations   | 2 3 4 5 6 |  6.0
Summonings     | 2 3 4 5 6 |  6.0
Translocations | 2 3 4 5 6 |  6.0
Invocations    | 1 2 3 4 5 6 7 |  7.4
Fighting       | 1 2 3 4 5 6 |  6.7
Short Blades   | 1 2 3 4 5 6 |  6.7
Long Blades    | 1 2 3 4 5 6 |  6.7
Axes           | 1 2 3 4 5 6 |  6.7
Maces & Flails | 1 2 3 4 6 8 |  8.3
Polearms       | 1 2 3 4 5 6 |  6.7
Staves         | 1 2 3 4 5 6 |  6.7
Slings         | 1 2 3 4 5 6 |  6.7
Bows           | 1 2 3 4 5 6 |  6.7
Crossbows      | 1 2 3 4 5 6 |  6.7
Throwing       | 1 2 3 4 5 6 |  6.7
Armour         | 1 2 3 4 5 6 |  6.7
Shields        | 1 2 3 4 5 6 |  6.7
Unarmed Combat | 1 2 3 4 5 6 |  6.7
Evocations     | 1 2 3 4 5 6 |  6.7
Hexes          | 1 2 3 4 5 |  5.6
Charms         | 1 2 3 4 5 |  5.6
Necromancy     | 1 2 3 4 5 |  5.6
Transmutations | 1 2 3 4 5 |  5.6
Fire Magic     | 1 2 3 4 5 |  5.6
Ice Magic      | 1 2 3 4 5 |  5.6
Air Magic      | 1 2 3 4 5 |  5.6
Earth Magic    | 1 2 3 4 5 |  5.6
Poison Magic   | 1 2 3 4 5 |  5.6
Dodging        | 5 6 7 8 |  8.2
Stealth        | 5 6 7 8 |  8.0
Spellcasting   | 8 9 |  9.9

Action                   |  1- 3 |  4- 6 |  7- 9 | 10-12 || total
-------------------------+-------+-------+-------+-------++-------
Melee: Unarmed           |    17 |       |       |       ||    17
       Rapier            |       |    65 |   188 |       ||   253
       Bite              |       |     7 |    25 |    20 ||    52
       Short sword       |       |       |    32 |   230 ||   262
Throw: Stone             |       |       |       |    17 ||    17
 Cast: Magic Dart        |    63 |   148 |   102 |   645 ||   958
       Conjure Flame     |     2 |     7 |    11 |    40 ||    60
       Mephitic Cloud    |     1 |     3 |     6 |    18 ||    28
       Call Imp          |       |     3 |       |    58 ||    61
       Blink             |       |       |       |     7 ||     7
Invok: Curse Item        |       |       |       |     2 ||     2
Evoke: Wand              |       |       |       |     6 ||     6
  Use: Scroll            |       |     5 |    10 |     5 ||    20
       Potion            |       |       |       |     1 ||     1
 Stab: Sleeping          |     1 |     1 |    11 |     2 ||    15
       Confused          |       |       |     2 |     9 ||    11
       Distracted        |       |       |     2 |     2 ||     4
  Eat: Chunk             |     1 |     9 |     6 |    13 ||    29
       Ration            |       |       |     2 |     5 ||     7
Armor: Robe              |     2 |       |       |       ||     2
       Leather armour    |     1 |       |       |       ||     1
       Ring mail         |       |    24 |    48 |   156 ||   228
Dodge: Dodged            |    23 |    38 |   107 |   266 ||   434
Block: Buckler           |       |    15 |    35 |   136 ||   186

Table legend:
 A = Non-vault XP
 B = Vault XP
 C = Vault XP percentage of total XP
 D = Non-vault monster count
 E = Vault monster count
 F = Vault count percentage of total count
                 A         B        C        D         E       F
            +---------+---------+-------+---------+---------+-------
      Total |   11373 |    7513 |  39.8 |     220 |      79 |  26.4
            +---------+---------+-------+---------+---------+-------
        D:1 |      23 |       6 |  20.7 |      13 |       3 |  18.8
        D:2 |     146 |       0 |   0.0 |      27 |       0 |   0.0
        D:3 |     170 |      34 |  16.7 |      18 |      11 |  37.9
        D:4 |     453 |       0 |   0.0 |      22 |       0 |   0.0
        D:5 |     760 |     211 |  21.7 |      15 |       2 |  11.8
        D:6 |     569 |       0 |   0.0 |      10 |       0 |   0.0
        D:7 |    1396 |    1785 |  56.1 |      29 |      13 |  31.0
        D:8 |    2625 |    2214 |  45.8 |      30 |      13 |  30.2
        D:9 |    1179 |    2981 |  71.7 |      21 |      18 |  46.2
       D:10 |    3367 |      68 |   2.0 |      33 |       8 |  19.5
     Lair:1 |     685 |       0 |   0.0 |       2 |       0 |   0.0
    Ossuary |       0 |     214 | 100.0 |       0 |      11 | 100.0
            +---------+---------+-------+---------+---------+-------
